[Event "Titled Tuesday Blitz January 10 Early 2023"]
[White "Borges Feria, Yasel"]
[Black "Sanal, Vahap"]
[WhiteFideId "3504921"]
[BlackFideId "6300545"]
[WhiteElo "2439"]
[BlackElo "2600"]
[Result "0-1"]
[Round "09"]
[TimeControl "180+2"]
[Date "2023.01.10"]
[WhiteClock "0:00:19"]
[BlackClock "0:00:42"]

1. e4 c5 2. Nf3 d6 3. d4 cxd4 4. Nxd4 Nf6 5. Nc3 a6 6. Be3 e6 7. h3 b5 8. a3 Bb7 9. Bd3 Nbd7 10. Nb3 Nc5 11. Nxc5 dxc5 12. f3 Qc7 13. O-O Bd6 14. Qe1 Bg3 15. Bf2 Nh5 16. Bxg3 Nxg3 17. Rf2 h5 18. Rd1 h4 19. Rfd2 O-O 20. Qe3 Rfd8 21. Bf1 c4 22. Ne2 Rxd2 23. Rxd2 Rd8 24. Rxd8+ Qxd8 25. Nxg3 hxg3 26. Be2 c3 27. b4 Qd2 28. Qxd2 cxd2 29. Kf1 f5 30. exf5 Bd5 31. Bd1 Bc4+ 32. Kg1 exf5 33. f4 Kf7 34. Bf3 Ke6 35. c3 Bb3 36. Kf1 d1=Q+ 37. Bxd1 Bxd1 38. Ke1 Bh5 39. Kd2 Bf3 0-1


[Site "https://www.chess.com"]

[Event "Titled Tuesday Blitz January 10 Early 2023"]
[White "Tanenbaum, Zachary"]
[Black "Movahed, Sina"]
[WhiteFideId "2060850"]
[BlackFideId "42520835"]
[WhiteElo "2261"]
[BlackElo "2340"]
[Result "0-1"]
[Round "09"]
[TimeControl "180+2"]
[Date "2023.01.10"]
[WhiteClock "0:00:02"]
[BlackClock "0:01:20"]

1. e4 c5 2. Nf3 d6 3. d4 cxd4 4. Nxd4 Nf6 5. Nc3 a6 6. Be3 g6 7. f3 Bg7 8. g4 h5 9. g5 Nfd7 10. Qd2 b5 11. O-O-O Bb7 12. f4 O-O 13. f5 Nc5 14. Bd3 Nbd7 15. Rhf1 Ne5 16. Kb1 Rc8 17. fxg6 fxg6 18. Rxf8+ Qxf8 19. Rf1 Qe8 20. Nb3 Na4 21. Nxa4 bxa4 22. Na5 Ba8 23. Bxa6 Rb8 24. Nc4 Qc6 25. Qd5+ Qxd5 26. exd5 Bxd5 27. Nxe5 Bxe5 28. Bc1 Bxb2 29. Bxb2 a3 30. Bd3 Rxb2+ 31. Kc1 Rxa2 32. Kd2 Kg7 33. Kc3 Rb2 34. Ra1 Ra2 35. Rb1 Rb2 36. Ra1 Ba2 37. Re1 e5 38. Rf1 d5 39. Rf6 d4+ 40. Kd2 Bf7 41. Ra6 a2 42. Ra7 Kf8 43. Ra8+ Ke7 44. Ra7+ Kd6 45. Ra6+ Kc5 46. Ra5+ Kd6 47. Ra6+ Kc7 48. Ra7+ Kb8 49. Ra5 Rb1 50. Rxe5 a1=Q 51. Re7 Qc3+ 52. Ke2 Bd5 53. Kf2 Qd2+ 54. Kg3 Rg1+ 55. Kh4 Qxh2# 0-1


[Site "https://www.chess.com"]

[Event "Titled Tuesday Blitz January 10 Early 2023"]
[White "Wagner, Dennis"]
[Black "Durarbayli, Vasif"]
[WhiteFideId "24650684"]
[BlackFideId "13402935"]
[WhiteElo "2595"]
[BlackElo "2627"]
[Result "0-1"]
[Round "09"]
[TimeControl "180+2"]
[Date "2023.01.10"]
[WhiteClock "0:00:05"]
[BlackClock "0:00:06"]

1. d4 d5 2. c4 c5 3. cxd5 cxd4 4. Nf3 Nf6 5. Qxd4 Qxd5 6. Nc3 Qxd4 7. Nxd4 a6 8. g3 e5 9. Nb3 Bd7 10. Bg2 Bc6 11. O-O Bb4 12. Bd2 Bxg2 13. Kxg2 Nc6 14. a3 Bxc3 15. Bxc3 Nd5 16. Rac1 f6 17. Rfd1 O-O-O 18. Ba5 Nc7 19. Bb6 Rxd1 20. Rxd1 Rd8 21. Rxd8+ Nxd8 22. Kf3 Nde6 23. Ke4 Ng5+ 24. Kd3 Nd5 25. Bc5 Kd7 26. h4 Ne6 27. e4 Ndc7 28. Be3 Nb5 29. f3 Nd6 30. Kc3 Kc6 31. Kb4 b6 32. a4 a5+ 33. Kc3 g6 34. Nc1 f5 35. exf5 gxf5 36. Nd3 e4 37. Ne5+ Kd5 38. f4 b5 39. axb5 Nxb5+ 40. Kd2 a4 41. g4 Nd6 42. Kc3 fxg4 43. Nxg4 Nf5 44. Bf2 Nc5 45. Ne3+ Nxe3 46. Bxe3 Nd3 47. Bd2 Ke6 48. Kd4 Kf5 49. Kc3 Nxf4 50. Kb4 Nd3+ 51. Kxa4 Nxb2+ 52. Kb3 Nd3 53. Kc2 h5 54. Bg5 Ne5 55. Kd1 Nf3 56. Bd8 Kg4 57. Ke2 Kf5 58. Ke3 Ne5 59. Be7 Nc4+ 60. Ke2 Ke5 61. Bd8 Kd4 62. Bf6+ Kd5 63. Bd8 Nd6 64. Bg5 Nf5 65. Bd8 Kd4 66. Bf6+ Kd5 67. Bd8 Ke5 68. Bg5 Ke6 69. Kf2 Kd6 70. Ke2 Kd5 71. Kf2 Ke5 72. Ke2 Nd4+ 73. Ke3 Nf3 74. Bd8 Kf5 75. Be7 Ne5 76. Bd8 Nc4+ 77. Ke2 Nd6 78. Ke3 Nb5 79. Be7 Nc3 80. Bd8 Nd5+ 81. Ke2 Kg4 82. Bg5 Kg3 83. Bd8 Kf4 84. Bg5+ Ke5 85. Bd8 e3 86. Kf3 Kd4 87. Ke2 Ke4 88. Bg5 Nc3+ 89. Ke1 Kf3 90. Kf1 Ne4 91. Ke1 Nxg5 92. hxg5 h4 93. g6 h3 94. g7 h2 95. g8=Q h1=Q+ 96. Qg1 Qxg1# 0-1


[Site "https://www.chess.com"]

[Event "Titled Tuesday Blitz January 10 Early 2023"]
[White "Baskakov, Egor"]
[Black "Maksimovic, Bojan"]
[WhiteFideId "24197866"]
[BlackFideId "14408120"]
[WhiteElo "2215"]
[BlackElo "2486"]
[Result "1-0"]
[Round "09"]
[TimeControl "180+2"]
[Date "2023.01.10"]
[WhiteClock "0:00:10"]
[BlackClock "0:00:02"]

1. e4 g6 2. g3 Bg7 3. Bg2 d6 4. Ne2 Bd7 5. d4 Qc8 6. h3 h5 7. c4 Nc6 8. Nbc3 e5 9. Be3 exd4 10. Nxd4 Ne5 11. Qe2 Ne7 12. O-O-O a6 13. f4 N5c6 14. Nd5 Nxd5 15. exd5 Ne7 16. Bf2 Kf8 17. Rde1 Bf6 18. Qd2 Kg7 19. Qc3 Qd8 20. Bf3 Nf5 21. g4 Nxd4 22. Bxd4 hxg4 23. hxg4 Bxd4 24. Qxd4+ Qf6 25. Qxf6+ Kxf6 26. g5+ Kg7 27. Rxh8 Rxh8 28. Re7 Rd8 29. Kd2 Kf8 30. Re2 Bf5 31. Be4 Bg4 32. Rg2 Bd7 33. Kd3 Re8 34. b4 b6 35. a3 Kg7 36. Rh2 Ra8 37. c5 bxc5 38. bxc5 dxc5 39. Rc2 Bb5+ 40. Kd2 Re8 41. Bf3 c4 42. a4 Bxa4 43. Rxc4 Bb5 44. Rxc7 Rh8 45. Ra7 Rh3 46. Be4 Rh4 47. Ke3 Rh2 48. Kd4 Kf8 49. d6 Re2 50. Bd5 Kg7 51. Rxf7+ Kh8 52. Rf8+ Kg7 53. d7 Bxd7 54. Rf7+ Kh8 55. Rxd7 a5 56. Ra7 Rd2+ 57. Ke5 a4 58. Be4 Rd8 59. Rxa4 Kg7 60. Ra7+ Rd7 61. Rxd7+ Kf8 62. Bxg6 Kg8 63. Kf6 1-0


[Site "https://www.chess.com"]

[Event "Titled Tuesday Blitz January 10 Early 2023"]
[White "Manelyuk, Daniil"]
[Black "Ter-Sahakyan, Samvel"]
[WhiteFideId "44173920"]
[BlackFideId "13302531"]
[WhiteElo "2302"]
[BlackElo "2617"]
[Result "0-1"]
[Round "09"]
[TimeControl "180+2"]
[Date "2023.01.10"]
[WhiteClock "0:01:32"]
[BlackClock "0:01:46"]

1. e4 c5 2. Nf3 e6 3. c4 Nc6 4. Nc3 g5 5. h3 Bg7 6. Bd3 h5 7. Bc2 g4 8. Nh2 Nf6 9. d3 Nd4 10. Bh6 Rxh6 11. Ne2 Qa5+ 12. Kf1 Nxe2 13. Qxe2 d6 14. Qe3 Bd7 15. Qg5 Rg6 16. Qe3 O-O-O 0-1


[Site "https://www.chess.com"]

[Event "Titled Tuesday Blitz January 10 Early 2023"]
[White "Makarian, Rudik"]
[Black "Seemann, Jakub"]
[WhiteFideId "44105681"]
[BlackFideId "21874697"]
[WhiteElo "2545"]
[BlackElo "2446"]
[Result "1-0"]
[Round "09"]
[TimeControl "180+2"]
[Date "2023.01.10"]
[WhiteClock "0:01:17"]
[BlackClock "0:00:06"]

1. d4 Nf6 2. c4 e6 3. Nf3 d5 4. Nc3 c5 5. cxd5 Nxd5 6. e4 Nxc3 7. bxc3 cxd4 8. cxd4 Bb4+ 9. Bd2 Bxd2+ 10. Qxd2 O-O 11. Bc4 Nd7 12. O-O b6 13. Rfe1 Bb7 14. Rad1 Rc8 15. Bb3 Re8 16. d5 exd5 17. exd5 Rxe1+ 18. Rxe1 Nc5 19. d6 Bxf3 20. gxf3 Rc6 21. Qd5 Rc8 22. Qxf7+ Kh8 23. Re7 Qf8 24. Qxf8+ Rxf8 25. d7 g6 26. Bf7 Nb7 27. Bd5 Nd8 28. Kg2 Rf5 29. Be4 Rf8 30. Kg3 b5 31. h4 a5 32. Re5 b4 33. Rxa5 Rf7 34. Rb5 Rxd7 35. Rxb4 Kg7 36. a4 Ra7 37. Rb8 Rd7 38. a5 Kf6 39. a6 Ne6 40. Bb7 Nd4 41. a7 Ne2+ 42. Kh2 Rd4 43. a8=Q Rxh4+ 44. Kg2 Nf4+ 45. Kg1 1-0


[Site "https://www.chess.com"]

[Event "Titled Tuesday Blitz January 10 Early 2023"]
[White "Harsh Suresh"]
[Black "Andreev, Eduard"]
[WhiteFideId "45018464"]
[BlackFideId "14103400"]
[WhiteElo "2298"]
[BlackElo "2413"]
[Result "1-0"]
[Round "09"]
[TimeControl "180+2"]
[Date "2023.01.10"]
[WhiteClock "0:00:25"]
[BlackClock "0:00:07"]

1. e4 c6 2. d3 d5 3. Nd2 e5 4. Ngf3 Bd6 5. d4 exd4 6. exd5 cxd5 7. Bb5+ Nc6 8. Nxd4 Ne7 9. O-O O-O 10. Nxc6 bxc6 11. Bd3 Bf5 12. Nf3 h6 13. h3 Re8 14. b3 Qd7 15. Bb2 Ng6 16. Bxf5 Qxf5 17. Nd4 Qd7 18. Nf3 Re4 19. Qd2 Rae8 20. Rfe1 Nf4 21. Rxe4 Rxe4 22. Re1 Qf5 23. Rxe4 Qxe4 24. Kf1 Bb4 25. Qd4 Qxd4 26. Nxd4 c5 27. Nc6 a6 28. c3 Nd3 29. cxb4 Nxb2 30. bxc5 Nd3 31. b4 Kf8 32. Ke2 Nf4+ 33. Kf3 Nd3 34. a3 Ke8 35. Nb8 a5 36. Na6 axb4 37. axb4 Kd7 38. Ke3 Ne5 39. Kd4 Ke6 40. Nc7+ Kd7 41. Kxe5 Kxc7 42. Kxd5 1-0


[Site "https://www.chess.com"]

[Event "Titled Tuesday Blitz January 10 Early 2023"]
[White "Perez Rodriguez, Luis Manuel"]
[Black "Pakleza, Zbigniew"]
[WhiteFideId "3503364"]
[BlackFideId "1119290"]
[WhiteElo "2329"]
[BlackElo "2494"]
[Result "0-1"]
[Round "09"]
[TimeControl "180+2"]
[Date "2023.01.10"]
[WhiteClock "0:00:22"]
[BlackClock "0:00:10"]

1. e4 d6 2. d4 Nf6 3. Nc3 c6 4. f4 Qb6 5. Nf3 Bg4 6. Be2 Bxf3 7. Bxf3 e5 8. Ne2 Nbd7 9. O-O d5 10. fxe5 Nxe5 11. exd5 Nxf3+ 12. Rxf3 Nxd5 13. Nf4 O-O-O 14. Nxd5 Rxd5 15. c3 f5 16. Qe2 Qd8 17. Bf4 Bd6 18. Bxd6 Qxd6 19. Re1 c5 20. dxc5 Qxc5+ 21. Qf2 Qxf2+ 22. Kxf2 Rhd8 23. Rfe3 R8d7 24. R1e2 Kc7 25. Re7 g6 26. h4 Rd3 27. Re8 b5 28. h5 gxh5 29. R8e5 R3d5 30. Kf3 Kc6 31. Re6+ Kc5 32. Re8 Kc4 33. R2e3 Rd2 34. Rc8+ Kd5 35. b3 Kd6 36. Rf8 Rxa2 37. Rxf5 a6 38. Rxh5 Kc7 39. Rc5+ Kb6 40. b4 Rf7+ 41. Ke4 Rxg2 42. Kd5 Rg5+ 43. Re5 Rxe5+ 44. Kxe5 Rc7 45. Kd6 Rb7 46. Rc6+ Ka7 47. Kc5 h5 48. Rh6 Rc7+ 49. Kd4 h4 50. Kd3 Rc4 51. Rg6 Kb7 52. Rh6 Rg4 53. Kc2 Rf4 54. Kb3 Ka7 55. Kb2 Rc4 56. Kb3 Rg4 57. Kb2 Kb7 58. Kb3 Rf4 59. Kb2 Re4 60. Kb3 Ka7 61. Kb2 Kb7 62. Kb3 Rc4 63. Kb2 Rg4 64. Kb3 Ka7 65. Kb2 Rg2+ 66. Kb3 Rh2 67. Ka3 h3 68. Kb3 Rh1 69. Ka3 h2 70. Kb2 Kb7 71. Ka2 Kc7 72. Kb2 Kd7 73. Ka2 Ke7 74. Kb2 Kf7 75. Ka2 Kg7 76. Kb2 Kxh6 0-1


[Site "https://www.chess.com"]

[Event "Titled Tuesday Blitz January 10 Early 2023"]
[White "Harshavardhan G B"]
[Black "Ibadov, Dashgyn"]
[WhiteFideId "25059009"]
[BlackFideId "24107514"]
[WhiteElo "2408"]
[BlackElo "2391"]
[Result "0-1"]
[Round "09"]
[TimeControl "180+2"]
[Date "2023.01.10"]
[WhiteClock "0:00:01"]
[BlackClock "0:00:05"]

1. Nf3 d5 2. g3 Nd7 3. d4 Nb6 4. Bg2 Bf5 5. O-O e6 6. Nh4 Bg4 7. Nd2 Be7 8. Nhf3 Nf6 9. Ne5 Bh5 10. c4 c6 11. b3 O-O 12. Bb2 Nbd7 13. Qe1 a5 14. e4 dxe4 15. Nxe4 Nxe4 16. Qxe4 Nxe5 17. Qxe5 Bg6 18. Rfd1 Qb6 19. h4 a4 20. h5 Bc2 21. c5 Qb4 22. Rdc1 axb3 23. a3 Qd2 24. Qe3 Qxe3 25. fxe3 Ra4 26. Bf3 e5 27. Bd1 Bxd1 28. Rxd1 exd4 29. exd4 Rd8 30. Rd3 Bxc5 31. Rad1 Bxa3 32. Rxb3 Bxb2 33. Rxb2 Raxd4 34. Rxd4 Rxd4 35. Rxb7 h6 36. Rb8+ Kh7 37. Rb7 Rd5 38. Rxf7 Rxh5 39. Rc7 c5 40. Kg2 Re5 41. Kf3 Kg6 42. Kf4 Rf5+ 43. Ke4 Rg5 44. Kf4 Rd5 45. Ke4 Rd4+ 46. Kf3 c4 47. Ke3 Rd3+ 48. Kf4 c3 49. g4 Rd4+ 50. Kg3 Rd3+ 51. Kf4 Rh3 0-1


[Site "https://www.chess.com"]

[Event "Titled Tuesday Blitz January 10 Early 2023"]
[White "Deac, Bogdan-Daniel"]
[Black "Martinez Ramirez, Lennis"]
[WhiteFideId "1226380"]
[BlackFideId "3509079"]
[WhiteElo "2700"]
[BlackElo "2426"]
[Result "1-0"]
[Round "09"]
[TimeControl "180+2"]
[Date "2023.01.10"]
[WhiteClock "0:00:04"]
[BlackClock "0:00:03"]

1. c4 e5 2. d3 Nf6 3. Nf3 c6 4. Nc3 d5 5. cxd5 b6 6. Nxe5 cxd5 7. d4 Bd6 8. Qa4+ Nbd7 9. Bf4 a6 10. Nxf7 Kxf7 11. Bxd6 b5 12. Qb3 Nb6 13. Be5 Nc4 14. e3 Be6 15. Bxc4 bxc4 16. Qb7+ Qd7 17. Qxd7+ Nxd7 18. O-O-O Rhc8 19. Rhe1 Rd8 20. e4 Nxe5 21. dxe5 d4 22. Ne2 d3 23. Nc3 g5 24. Kd2 Rab8 25. Rb1 Rb4 26. f3 Rdb8 27. b3 cxb3 28. axb3 Bxb3 29. Kxd3 Ke6 30. Ke3 Kxe5 31. Ra1 Bc4 32. Ra5+ Bb5 33. Nxb5 axb5 34. Rd1 Rb3+ 35. Kf2 Rb6 36. Rd5+ Kf6 37. Ra7 Kg6 38. Rdd7 h6 39. Kg3 h5 40. Rg7+ Kh6 41. h4 gxh4+ 42. Kxh4 Rb2 43. Rh7+ Kg6 44. Rag7+ Kf6 45. Rh6+ Kxg7 46. Rxb6 Rxg2 47. Rxb5 Rh2+ 48. Kg3 Rh1 49. Kg2 Rh4 50. Kg3 Rh1 51. Kf4 h4 52. Rh5 Kg6 53. Rg5+ Kh6 54. Rg8 Kh7 55. Rg4 Kh6 56. Kf5 Kh5 57. Rg8 Kh6 58. f4 Kh7 59. Rg4 Kh6 60. e5 Kh5 61. Rg8 Kh6 62. e6 Re1 63. Kf6 Kh7 64. Rg4 Rh1 65. e7 Re1 66. Rxh4+ Kg8 67. Rg4+ Kh8 68. f5 Kh7 69. Rg7+ Kh8 70. Rf7 Kg8 71. Rf8+ Kh7 72. e8=Q Re6+ 73. Qxe6 1-0


[Site "https://www.chess.com"]

[Event "Titled Tuesday Blitz January 10 Early 2023"]
[White "Jobava, Baadur"]
[Black "Papasimakopoulos, Alexandros"]
[WhiteFideId "13601520"]
[BlackFideId "4244125"]
[WhiteElo "2578"]
[BlackElo "2401"]
[Result "1-0"]
[Round "09"]
[TimeControl "180+2"]
[Date "2023.01.10"]
[WhiteClock "0:00:11"]
[BlackClock "0:00:20"]

1. b3 e5 2. Bb2 Nc6 3. Nf3 e4 4. Nd4 Nf6 5. e3 d5 6. c4 Nxd4 7. Bxd4 Be6 8. Nc3 dxc4 9. Bxc4 Bxc4 10. bxc4 Be7 11. Rb1 b6 12. Bxf6 Bxf6 13. Nxe4 O-O 14. d4 Re8 15. Nxf6+ Qxf6 16. O-O Re6 17. Qf3 Qd8 18. Rfd1 Rb8 19. h3 Rf6 20. Qe4 Re6 21. Qf3 Rf6 22. Qe2 Rg6 23. a4 Qh4 24. Qf3 Qg5 25. Rb5 Qe7 26. a5 h6 27. axb6 axb6 28. Ra1 Qe6 29. Qd5 Qxh3 30. Qe4 Qd7 31. Re5 Qc6 32. d5 Qf6 33. Ra7 Qd6 34. Re7 Rc8 35. g3 Rf6 36. Kg2 g6 37. Re8+ Rxe8 38. Qxe8+ Qf8 39. Qxf8+ Kxf8 40. Rxc7 Rd6 41. e4 f6 42. f4 g5 43. e5 fxe5 44. fxe5 Rd8 45. e6 Ra8 46. d6 Ra2+ 47. Kh3 Re2 48. Rc8+ Kg7 49. d7 h5 50. d8=Q Kg6 51. Qg8+ Kf5 52. Rf8+ Ke5 53. Qxg5+ Kd6 54. Rd8+ Kc6 55. Qd5+ Kc7 56. Qd7# 1-0


[Site "https://www.chess.com"]

[Event "Titled Tuesday Blitz January 10 Early 2023"]
[White "Godzwon, Iwo"]
[Black "Gholami Orimi, Mahdi"]
[WhiteFideId "21802483"]
[BlackFideId "12558486"]
[WhiteElo "2394"]
[BlackElo "2420"]
[Result "0-1"]
[Round "09"]
[TimeControl "180+2"]
[Date "2023.01.10"]
[WhiteClock "0:00:05"]
[BlackClock "0:00:07"]

1. e4 c5 2. Nf3 Nc6 3. Bb5 g6 4. Bxc6 bxc6 5. O-O Bg7 6. Re1 Nh6 7. c3 O-O 8. d4 cxd4 9. cxd4 f6 10. Nc3 Nf7 11. Be3 d6 12. Qd2 Bg4 13. Qe2 Rb8 14. b3 Qa5 15. Rac1 f5 16. h3 Bh5 17. exf5 gxf5 18. Bd2 Rbe8 19. Qd3 Nd8 20. Ng5 Bg6 21. d5 c5 22. Ne2 Qxa2 23. Nf4 Nf7 24. Nge6 Ne5 25. Qe3 Rf7 26. h4 Ng4 27. Qe2 Rf6 28. Bc3 Qxe2 29. Rxe2 Bh8 30. Bxf6 Bxf6 31. Ra2 Bxh4 32. g3 Bf6 33. Rxa7 Rb8 34. Rc4 Bf7 35. Rca4 Bxe6 36. Ra8 Rxa8 37. Rxa8+ Kf7 38. Nxe6 Ne5 39. Kg2 Nd3 40. Rb8 Nb4 41. Nc7 Be5 42. Kf3 Nd3 43. Ke3 Nb4 44. Kf3 Bd4 45. Ke2 Bf6 46. Rb6 h5 47. Kf3 h4 48. Rb8 hxg3 49. fxg3 Nc2 50. Kf4 Nd4 51. g4 Be5+ 52. Kg5 Bf6+ 53. Kf4 Be5+ 54. Kg5 f4 55. Ra8 f3 56. Ra1 f2 57. Rf1 Bg3 58. Kh5 Nc2 59. Ne6 Ne3 60. Ng5+ Ke8 61. Ra1 f1=Q 62. Rxf1 Nxf1 63. Ne4 Be5 64. g5 Ng3+ 65. Kg4 Nxe4 0-1


[Site "https://www.chess.com"]

[Event "Titled Tuesday Blitz January 10 Early 2023"]
[White "Mirzoev, Azer"]
[Black "Le, Tuan Minh"]
[WhiteFideId "13400304"]
[BlackFideId "12401153"]
[WhiteElo "2416"]
[BlackElo "2542"]
[Result "1-0"]
[Round "09"]
[TimeControl "180+2"]
[Date "2023.01.10"]
[WhiteClock "0:00:03"]
[BlackClock "0:00:26"]

1. Nf3 d5 2. c4 c6 3. e3 Nf6 4. Nc3 a6 5. d4 Bf5 6. Qb3 Ra7 7. cxd5 cxd5 8. Bd2 e6 9. Be2 Bd6 10. Ne5 h6 11. O-O O-O 12. Rfc1 b5 13. Be1 Rc7 14. Nd1 Nbd7 15. Nxd7 Qxd7 16. Bb4 Rfc8 17. Rxc7 Qxc7 18. Bxd6 Qxd6 19. Bd3 Bxd3 20. Qxd3 Qb4 21. Kf1 Ne4 22. a3 Qa5 23. f3 Nd6 24. Ke2 Qc7 25. Qc3 Qb8 26. Qd3 h5 27. Kf2 h4 28. Kg1 Qc7 29. Nf2 Qa5 30. e4 Qa4 31. exd5 exd5 32. g3 hxg3 33. hxg3 Qc2 34. Rb1 Nf5 35. g4 Nxd4 36. Qxc2 Rxc2 37. Kg2 g5 38. Rd1 Ne6 39. Kg3 Nf4 40. b4 d4 41. Re1 d3 42. Rd1 1-0


[Site "https://www.chess.com"]

[Event "Titled Tuesday Blitz January 10 Early 2023"]
[White "Zhigalko, Sergei"]
[Black "Shuvalova, Polina"]
[WhiteFideId "13502956"]
[BlackFideId "24171760"]
[WhiteElo "2572"]
[BlackElo "2484"]
[Result "1-0"]
[Round "09"]
[TimeControl "180+2"]
[Date "2023.01.10"]
[WhiteClock "0:00:09"]
[BlackClock "0:00:01"]

1. e4 e5 2. Nf3 Nc6 3. Bb5 a6 4. Ba4 Nf6 5. O-O Be7 6. Re1 b5 7. Bb3 O-O 8. a4 Bb7 9. d3 d6 10. Nc3 Na5 11. Ba2 Qd7 12. Bg5 Nc6 13. h3 Nb4 14. Bb3 c5 15. Nh4 g6 16. Nf3 Nh5 17. Bh6 Rfc8 18. axb5 axb5 19. Rxa8 Bxa8 20. Qd2 Bf8 21. Bxf8 Rxf8 22. Qh6 Rc8 23. Ng5 c4 24. Qxh7+ Kf8 25. dxc4 bxc4 26. Ba4 Qb7 27. Nb5 Nf6 28. Qh8+ Ke7 29. Qh4 Kf8 30. Nxd6 Qa6 31. Ngxf7 Qxa4 32. Qxf6 1-0


[Site "https://www.chess.com"]

[Event "Titled Tuesday Blitz January 10 Early 2023"]
[White "Rozman, Levy"]
[Black "Barrientos, Sergio E"]
[WhiteFideId "2039877"]
[BlackFideId "4401824"]
[WhiteElo "2322"]
[BlackElo "2479"]
[Result "0-1"]
[Round "09"]
[TimeControl "180+2"]
[Date "2023.01.10"]
[WhiteClock "0:00:01"]
[BlackClock "0:00:16"]

1. e4 c5 2. a3 d5 3. exd5 Nf6 4. Nf3 Qxd5 5. Nc3 Qd8 6. Bb5+ Bd7 7. d4 a6 8. Bxd7+ Nbxd7 9. O-O cxd4 10. Qxd4 e6 11. Bg5 Be7 12. Rad1 Qc7 13. Bf4 Qc6 14. Rfe1 O-O 15. Ng5 Rac8 16. Qd3 Rfd8 17. Qh3 Nf8 18. Rd3 Nd5 19. Nxd5 Bxg5 20. Nb4 Qb5 21. Re5 Rxd3 22. Nxd3 Qd7 23. Rxg5 Rxc2 24. Qe3 f6 25. Rg3 e5 26. Ne1 Rxb2 27. Qc1 exf4 28. Rd3 Qe6 29. Rd1 Re2 30. Nd3 g5 31. h3 Ng6 32. Qc7 Qf7 33. Qb8+ Kg7 34. Nc5 Re8 35. Qa7 Re7 36. Rd8 Qc4 37. Rc8 Nh4 38. Kh2 Qd5 39. f3 Qd2 40. Ne6+ Kh6 41. Qg1 Rxe6 42. Qf1 Re1 0-1


[Site "https://www.chess.com"]

[Event "Titled Tuesday Blitz January 10 Early 2023"]
[White "Dehtiarov, Roman"]
[Black "Indjic, Aleksandar"]
[WhiteFideId "14186640"]
[BlackFideId "911925"]
[WhiteElo "2289"]
[BlackElo "2618"]
[Result "1/2-1/2"]
[Round "09"]
[TimeControl "180+2"]
[Date "2023.01.10"]
[WhiteClock "0:01:13"]
[BlackClock "0:00:47"]

1. e4 c6 2. Nc3 d5 3. Nf3 Bg4 4. h3 Bxf3 5. Qxf3 e6 6. d3 Bc5 7. Be2 Ne7 8. O-O Nd7 9. Bf4 O-O 10. Qg3 Ng6 11. Rad1 d4 12. Nb1 Nxf4 13. Qxf4 e5 14. Qg3 Bd6 15. Nd2 b5 16. Bg4 Nf6 17. h4 Qe7 18. h5 h6 19. Nf3 Kh8 20. Nh4 Nh7 21. Nf5 Qf6 22. Nxd6 Qxd6 23. f4 Rae8 24. fxe5 Rxe5 25. Rf5 f6 26. Rdf1 Rfe8 27. Rxe5 Qxe5 28. Qxe5 Rxe5 29. Bf5 Nf8 30. c3 dxc3 31. bxc3 Kg8 32. d4 Re7 33. a4 Kf7 34. axb5 cxb5 35. Ra1 Rc7 36. Ra6 Rb7 37. Kf2 Ke7 38. d5 Nd7 39. Ke3 Nb6 40. Kd3 Kd6 41. Kd4 Rc7 42. Ra5 Rc4+ 43. Kd3 Ra4 44. Rxb5 Ra2 45. c4 Na4 46. g4 Nc5+ 47. Kc3 Ra3+ 48. Kc2 Re3 49. Kd2 Rb3 50. Ra5 a6 51. Ra1 Ke5 52. Kc2 Rb4 53. Kc3 Rb3+ 54. Kc2 Rb4 55. Kc3 Rb3+ 56. Kc2 1/2-1/2


[Site "https://www.chess.com"]

[Event "Titled Tuesday Blitz January 10 Early 2023"]
[White "Kobalia, Mikhail"]
[Black "Sokolovsky, Yahli"]
[WhiteFideId "4119150"]
[BlackFideId "2820242"]
[WhiteElo "2578"]
[BlackElo "2461"]
[Result "1/2-1/2"]
[Round "09"]
[TimeControl "180+2"]
[Date "2023.01.10"]
[WhiteClock "0:00:07"]
[BlackClock "0:00:03"]

1. e4 d6 2. d4 g6 3. Nf3 Bg7 4. Bc4 Nf6 5. Qe2 e6 6. e5 dxe5 7. dxe5 Nd5 8. Bg5 Qd7 9. Nbd2 h6 10. Bxd5 hxg5 11. Bb3 g4 12. Ng5 Qd4 13. O-O-O Qxe5 14. Qxe5 Bxe5 15. g3 Nc6 16. Ba4 Bd7 17. Nc4 Bf6 18. Nxf7 Rh7 19. Rxd7 Kxd7 20. Nfe5+ Bxe5 21. Nxe5+ Kd6 22. Nxg4 Rf8 23. Rd1+ Kc5 24. Rd3 Nb4 25. Rc3+ Kd6 26. Bb3 g5 27. a3 Nd5 28. Rd3 b5 29. c4 bxc4 30. Bxc4 c6 31. Kd2 Rhf7 32. Ke2 a5 33. b3 Ra7 34. a4 Re7 35. Rd4 e5 36. Rd2 Kc5 37. Rc2 Kb4 38. Rd2 Rd7 39. Ke1 e4 40. Ne5 Rd6 41. Nxc6+ Rxc6 42. Rxd5 Rc5 43. Rd4 Re5 44. Ke2 Kc3 45. Rd7 e3 46. Rd3+ Kb4 47. Rxe3 Rxe3+ 48. Kxe3 Rh8 49. f4 gxf4+ 50. gxf4 Rxh2 51. Ke4 Kc5 52. Ke5 Rh1 53. f5 Re1+ 54. Kf6 Kd6 55. Kf7 Ke5 56. Be6 Rf1 57. Ke7 Rf4 58. Kd7 Rb4 59. Kc6 Kf6 60. Kc5 Ke5 61. Kc6 Kf6 62. Kd6 Rd4+ 63. Kc5 Rb4 64. Bc4 Kxf5 65. Bd5 Ke5 66. Bc4 Kf6 67. Kc6 Ke7 68. Kc7 Ke8 69. Kc8 Ke7 70. Kc7 Kf6 71. Kd6 Kf5 72. Kc5 Ke5 73. Bb5 Ke4 74. Kb6 Rxb3 75. Kxa5 Kd5 76. Kb6 Kd6 77. a5 Ra3 78. a6 Rxa6+ 79. Bxa6 1/2-1/2


[Site "https://www.chess.com"]

[Event "Titled Tuesday Blitz January 10 Early 2023"]
[White "Mikhailovsky, Vladimir"]
[Black "Piesik, Piotr"]
[WhiteFideId "34105414"]
[BlackFideId "1136194"]
[WhiteElo "2215"]
[BlackElo "2426"]
[Result "1-0"]
[Round "09"]
[TimeControl "180+2"]
[Date "2023.01.10"]
[WhiteClock "0:01:06"]
[BlackClock "0:02:10"]

1. d4 c5 2. e4 cxd4 3. c3 d5 4. exd5 Qxd5 5. cxd4 Nc6 6. Nf3 Bg4 7. Nc3 Qa5 8. d5 Rd8 9. Bd2 Nb4 10. a3 Na6 11. Nb5 Qb6 12. Be3 Qg6 13. Qa4 Bd7 14. Qxa6 1-0


[Site "https://www.chess.com"]

[Event "Titled Tuesday Blitz January 10 Early 2023"]
[White "Blanco Ronquillo, Humberto L."]
[Black "Harsha Bharathakoti"]
[WhiteFideId "3504239"]
[BlackFideId "5078776"]
[WhiteElo "2442"]
[BlackElo "2602"]
[Result "0-1"]
[Round "09"]
[TimeControl "180+2"]
[Date "2023.01.10"]
[WhiteClock "0:00:02"]
[BlackClock "0:00:03"]

1. e4 c5 2. Nf3 d6 3. Bb5+ Nd7 4. Ba4 Nf6 5. O-O g6 6. Re1 Bg7 7. c3 O-O 8. d4 e5 9. Nbd2 a6 10. Bc2 b5 11. Nf1 Bb7 12. Ng3 Re8 13. d5 c4 14. b3 cxb3 15. axb3 Qc7 16. Bd2 a5 17. Bd3 Ba6 18. Qe2 Nc5 19. Bxb5 Bxb5 20. Qxb5 Reb8 21. Qc4 Rxb3 22. Be3 Nfd7 23. Nd2 Rb2 24. Reb1 Rxb1+ 25. Rxb1 a4 26. Ra1 Qa5 27. Ne2 Rb8 28. Nc1 Nb6 29. Qb4 Qxb4 30. cxb4 Ncd7 31. Nd3 f5 32. f3 Rc8 33. Kf1 Rc3 34. Ke2 h5 35. Ra2 Kh7 36. Nb1 Rb3 37. Rb2 a3 38. Nxa3 Rxa3 39. Rc2 fxe4 40. fxe4 Ra7 41. Rc6 Bf8 42. Bxb6 Ra2+ 43. Kf3 Nf6 44. h3 g5 45. g4 hxg4+ 46. hxg4 Ra3 47. Ke3 Nxg4+ 48. Kd2 Nf6 49. Bc7 Nxe4+ 50. Kc2 g4 51. b5 g3 52. Ra6 g2 53. Rxa3 g1=Q 54. b6 Qg2+ 55. Kb3 Nd2+ 56. Kb4 Qxd5 57. Ra2 Qxa2 58. Kb5 Qc4+ 59. Ka5 Nb3# 0-1


[Site "https://www.chess.com"]

[Event "Titled Tuesday Blitz January 10 Early 2023"]
[White "Kukhmazov, Arsen"]
[Black "Hamley, Ryan"]
[WhiteFideId "24108260"]
[BlackFideId "30959497"]
[WhiteElo "2512"]
[BlackElo "2092"]
[Result "1-0"]
[Round "09"]
[TimeControl "180+2"]
[Date "2023.01.10"]
[WhiteClock "0:00:08"]
[BlackClock "0:00:32"]

1. d4 Nf6 2. c4 g6 3. h4 h5 4. Nc3 Bg7 5. e4 d6 6. Be2 O-O 7. Be3 e5 8. d5 c5 9. f3 a6 10. Nh3 Re8 11. Ng5 Nbd7 12. Qd2 Nf8 13. a3 Bd7 14. b4 b6 15. Kf2 Qc7 16. bxc5 bxc5 17. Rhb1 Reb8 18. Bd1 Qa5 19. Qc1 N8h7 20. Bd2 Nxg5 21. hxg5 Nh7 22. a4 Qd8 23. a5 f5 24. gxf6 Qxf6 25. Rb6 g5 26. Rab1 Rxb6 27. axb6 g4 28. b7 Rb8 29. Ke2 Qh4 30. Ba4 Bxa4 31. Nxa4 Qg3 32. Qh1 Nf6 33. Rb6 Nd7 34. Rb3 h4 35. Be1 Qf4 36. Qxh4 gxf3+ 37. gxf3 Qc1 38. Rc3 Qa1 39. Qe7 Qxa4 40. Qxd6 Rxb7 41. Bd2 Qa5 42. Qe6+ Kf8 43. d6 Nf6 44. Rd3 Qd8 45. Qxe5 Rd7 46. Qxc5 Ne8 47. e5 Qh4 48. f4 Qh2+ 49. Kd1 Qh1+ 50. Kc2 Qe4 51. Qd5 Qe2 52. c5 Nc7 53. dxc7 Rxd5 54. c8=Q+ Kf7 55. Qb7+ 1-0


[Site "https://www.chess.com"]